 Dungeon Crawl Stone Soup version 0.26-a0-54-g15ccc7ae60 (webtiles) character file.

Game seed: 11145635021406384961

8 Hasart the Ruffian (level 2, -3/23 HPs)
             Began as a Draconian Transmuter on June 8, 2020.
             Slain by a goblin
             ... wielding a +2 dagger of electrocution
              (8 damage)
             ... on level 1 of the Dungeon.
             The game lasted 00:00:38 (310 turns).

Hasart the Ruffian (Draconian Transmuter)            Turns: 310, Time: 00:00:38

Health: -3/23      AC:  4    Str: 12    XL:     2   Next: 0%
Magic:  4/5        EV: 12    Int: 13    God:
Gold:   34         SH:  0    Dex: 11    Spells: 4/5 levels left

rFire    . . .     SeeInvis .     - Unarmed
rCold    . . .     Gourm    .   (no shield)
rNeg     . . .     Faith    .   (armour unavailable)
rPois    .         Spirit   .   (helmet restricted)
rElec    .         Reflect  .   (no cloak)
rCorr    .         Harm     .   (no gloves)
MR       .....                  (boots currently unavailable)
Stlth    +.........             (no amulet)
HPRegen  0.07/turn              (no ring)
MPRegen  0.09/turn              (no ring)

@: appendage
A: unfitting armour, talons 3, cold-blooded, AC +4
a: End Transformation


You were on level 1 of the Dungeon.
You were not hungry.
You had grown temporary talons.
You visited 1 branch of the dungeon, and saw 1 of its levels.

You collected 34 gold pieces.

Inventory:

Missiles
 a - 12 arrows
Scrolls
 e - a scroll of remove curse {unknown}
Potions
 d - a potion of flight {unknown}
Comestibles
 c - 3 rations


   Skills:
 + Level 1.3 Fighting
 + Level 1.9 Dodging
 * Level 3.1 Unarmed Combat
 + Level 2.1 Spellcasting
 + Level 2.1 Transmutations


You had 4 spell levels left.
You knew the following spells:

 Your Spells              Type           Power        Failure   Level  Hunger
a - Beastly Appendage     Tmut           #.....       11%         1    ##.....

Your spell library contained the following spells:

 Spells                   Type           Power        Failure   Level  Hunger
 Sticks to Snakes         Tmut           #.......     16%         2    ###....
 Spider Form              Tmut/Pois      #.........   43%         3    ####...
 Ice Form                 Ice/Tmut       #.......     85%         4    #####..
 Blade Hands              Tmut           #.........   96%         5    ######.


Dungeon Overview and Level Annotations

Branches:
Dungeon (1/15)

Altars:


Innate Abilities, Weirdness & Mutations

Your plain brown scales are hard. (AC +4)
You cannot fit into any form of body armour.
You are cold-blooded and may be slowed by cold attacks.
You have claws for feet.


Message History

You barely miss the jackal.
The jackal is moderately wounded.
The jackal bites you but does no damage.
You hit the jackal.
You kill the jackal!
The ball python misses you. The ball python barely misses you.
You barely miss the ball python. The ball python barely misses you.
The ball python closely misses you.
You hit the ball python.
You kill the ball python!
You have reached level 2!
Casting: Beastly Appendage (safe; 11% risk of failure)
Confirm with . or Enter, or press ? or * to list all spells.
Your feet morph into talons.
The goblin hits you with a +2 dagger of electrocution.
* * * LOW HITPOINT WARNING * * *
You miss the goblin. The goblin barely misses you.
You closely miss the goblin. The goblin hits you but does no damage.
You are electrocuted!
You die...

....# #.####.#####
...###...##.#####
#...####.'.......
##...# #######.##
#....# #........
#....# ######.##
#....### #.#.
#.#....### #.#.
#@####...######'#)
#.#.###g#
#............
#.h...gK#
#.........###
.......wb#
#...[.....#
........g#
#....######
.....###'#...#####
..... ...... ....
...... ..# ....


You could see a dart slug, 3 goblins, a bat and a kobold.

Vanquished Creatures
  A ball python (D:1)
  A bat (D:1)
  A giant cockroach (D:1)
  A goblin (D:1)
  2 jackals (D:1)
6 creatures vanquished.

Notes
Turn   | Place    | Note
-------+----------+-------------------------------------------
     0 | D:1      | Hasart the Draconian Transmuter began the quest for the
                  | Orb.
     0 | D:1      | Reached XP level 1. HP: 16/16 MP: 3/3
   307 | D:1      | Reached XP level 2. HP: 6/23 MP: 5/5
   310 | D:1      | Slain by a goblin

Illustrated notes

Levels and vault maps discovered:
D:1:      shiori_shiawase, layout_basic

Action                   || total
-------------------------++-------
Melee: Unarmed           ||    34
       Tailslap          ||     4
 Cast: Beastly Appendage ||     2
Armor: Skin              ||    11
Dodge: Dodged            ||    28

Table legend:
 A = Non-vault XP
 B = Vault XP
 C = Vault XP percentage of total XP
 D = Non-vault monster count
 E = Vault monster count
 F = Vault count percentage of total count
                 A         B        C        D         E       F
            +---------+---------+-------+---------+---------+-------
      Total |      12 |       0 |   0.0 |       6 |       0 |   0.0
            +---------+---------+-------+---------+---------+-------
        D:1 |      12 |       0 |   0.0 |       6 |       0 |   0.0
            +---------+---------+-------+---------+---------+-------
